TOP OF THE 1ST |
Wichita Wranglers batting - Pitching for Montgomery Biscuits : LHP Jorge Estrada
|
Pitching: LHP Jorge Estrada
|
|
Batting: RHB Cho-yun Qiao
|
0-0: Ground out 5-3 (Groundball, 56S)
|
Batting: RHB Anthony Rucker
|
0-0: Ball 1-0: Fly out, F9 (Flyball, 89XD)
|
Batting: RHB Bob Hall
|
0-0: Fly out, F7 (Line Drive, 7LD)
|
Top of the 1st over - 0 run(s), 0 hit(s), 0 error(s), 0 left on base; Wichita 0 - Montgomery 0 |
BOTTOM OF THE 1ST |
Montgomery Biscuits batting - Pitching for Wichita Wranglers : LHP Jesús Martínez
|
Pitching: LHP Jesús Martínez
|
|
Batting: RHB Gabriel Miranda
|
0-0: Called Strike 0-1: Foul Ball, location: 2F 0-2: Foul Ball, location: 2F 0-2: Ball 1-2: Fly out, F7 (Flyball, 7M)
|
Batting: RHB Orlando Sánchez
|
0-0: Ball 1-0: Ball 2-0: Ball 3-0: Base on Balls
|
Batting: LHB Ben Kelley
|
0-0: Foul Ball, location: 2F 0-1: Called Strike 0-2: Foul Ball, location: 2F 0-2: SINGLE (Line Drive, 6MD) Orlando Sánchez to second
|
Batting: RHB Jean-Paul St-Pierre
|
0-0: SINGLE (Groundball, 34D) Orlando Sánchez to third Ben Kelley to second Runner from 3rd tries for Home, SAFE, throw made home Ben Kelley to third Jean-Paul St-Pierre to second
|
Batting: RHB Dave Dawson
|
0-0: Called Strike 0-1: Ball 1-1: Ball 2-1: Swinging Strike 2-2: Foul Ball, location: 2F 2-2: Ball 3-2: Base on Balls
|
Batting: RHB Vicente Carona
|
0-0: Ball 1-0: Foul Ball, location: 2F 1-1: Foul Ball, location: 2F 1-2: Foul Ball, location: 2F 1-2: Strikes out swinging
|
Batting: RHB Pete Smith
|
0-0: Reached on error, E1 (Groundball, 25) Ben Kelley scores Jean-Paul St-Pierre to third Dave Dawson to second
|
Batting: RHB Larry Mitchell
|
0-0: SINGLE (Line Drive, 56) Jean-Paul St-Pierre scores Dave Dawson to third Pete Smith to second Runner from 3rd tries for Home, SAFE, no throw or cutoff
|
Batting: SHB Andrew Curran
|
0-0: Ball 1-0: Foul Ball, location: 2F 1-1: Ball 2-1: SINGLE (Line Drive, 78S) Pete Smith to third Larry Mitchell to second Runner from 3rd tries for Home, SAFE, no throw or cutoff
|
Batting: RHB Gabriel Miranda
|
0-0: Fly out, F6 (Popup, 6)
|
Bottom of the 1st over - 5 run(s), 4 hit(s), 1 error(s), 2 left on base; Wichita 0 - Montgomery 5 |
TOP OF THE 2ND |
Wichita Wranglers batting - Pitching for Montgomery Biscuits : LHP Jorge Estrada
|
Batting: RHB George Clark
|
0-0: Ball 1-0: Ball 2-0: Ball 3-0: Called Strike 3-1: Foul Ball, location: 2F 3-2: Base on Balls
|
Batting: RHB Luis Sánchez
|
0-0: Ball 1-0: DOUBLE (Line Drive, 7D) George Clark to third Runner from 3rd tries for Home, SAFE, no throw or cutoff
|
Batting: RHB Kyle Nelson
|
0-0: Ball 1-0: Ball 2-0: Foul Ball, location: 2F 2-1: Fly out, F9 (Flyball, 89M)
|
Batting: RHB Don Thomas
|
0-0: Ball 1-0: SINGLE (Groundball, 56D) Luis Sánchez to third
|
Batting: LHB Mario Cornelo
|
0-0: Called Strike 0-1: Ball 1-1: Foul Ball, location: 2F 1-2: Strikes out swinging
|
Batting: RHB Jim Beck
|
0-0: Ball 1-0: Called Strike 1-1: Called Strike 1-2: Foul Ball, location: 2F 1-2: SINGLE (Flyball, 8LS) Luis Sánchez scores Don Thomas to second
|
Batting: RHB Cho-yun Qiao
|
0-0: Foul Ball, location: 2F 0-1: Foul Ball, location: 2F 0-2: Foul Ball, location: 2F 0-2: Ball 1-2: DOUBLE (Line Drive, 8LD) Don Thomas scores Jim Beck to third
|
Batting: RHB Anthony Rucker
|
0-0: Called Strike 0-1: Swinging Strike 0-2: Ball 1-2: Ground out 5-3 (Groundball, 15S)
|
Top of the 2nd over - 3 run(s), 4 hit(s), 0 error(s), 2 left on base; Wichita 3 - Montgomery 5 |
BOTTOM OF THE 2ND |
Montgomery Biscuits batting - Pitching for Wichita Wranglers : LHP Jesús Martínez
|
Batting: RHB Orlando Sánchez
|
0-0: Ball 1-0: Called Strike 1-1: Called Strike 1-2: Foul Ball, location: 2F 1-2: Ball 2-2: Foul Ball, location: 2F 2-2: Fly out, F8 (Flyball, 89M)
|
Batting: LHB Ben Kelley
|
0-0: Ball 1-0: Ball 2-0: Called Strike 2-1: Ball 3-1: Base on Balls
|
Batting: RHB Jean-Paul St-Pierre
|
0-0: Ball 1-0: Swinging Strike 1-1: Ball 2-1: Swinging Strike 2-2: Foul Ball, location: 2F 2-2: Ball 3-2: Strikes out swinging
|
Batting: RHB Dave Dawson
|
0-0: Ball 1-0: Ground out 4-3 (Groundball, 4)
|
Bottom of the 2nd over - 0 run(s), 0 hit(s), 0 error(s), 1 left on base; Wichita 3 - Montgomery 5 |
TOP OF THE 3RD |
Wichita Wranglers batting - Pitching for Montgomery Biscuits : LHP Jorge Estrada
|
Batting: RHB Bob Hall
|
0-0: Foul Ball, location: 2F 0-1: Swinging Strike 0-2: Strikes out swinging
|
Batting: RHB George Clark
|
0-0: Swinging Strike 0-1: Foul Ball, location: 2F 0-2: Ground out 5-3 (Groundball, 56S)
|
Batting: RHB Luis Sánchez
|
0-0: Ball 1-0: Swinging Strike 1-1: Foul Ball, location: 2F 1-2: Strikes out swinging
|
Top of the 3rd over - 0 run(s), 0 hit(s), 0 error(s), 0 left on base; Wichita 3 - Montgomery 5 |
BOTTOM OF THE 3RD |
Montgomery Biscuits batting - Pitching for Wichita Wranglers : LHP Jesús Martínez
|
Batting: RHB Vicente Carona
|
0-0: Ball 1-0: Ball 2-0: Foul Ball, location: 2F 2-1: Called Strike 2-2: Strikes out looking
|
Batting: RHB Pete Smith
|
0-0: Foul Ball, location: 2F 0-1: Ball 1-1: Called Strike 1-2: Ball 2-2: Ball 3-2: Strikes out swinging
|
Batting: RHB Larry Mitchell
|
0-0: Ball 1-0: Ball 2-0: SINGLE (Line Drive, 89S)
|
Batting: SHB Andrew Curran
|
0-0: Ground out 6-3 (Groundball, 56)
|
Bottom of the 3rd over - 0 run(s), 1 hit(s), 0 error(s), 1 left on base; Wichita 3 - Montgomery 5 |
TOP OF THE 4TH |
Wichita Wranglers batting - Pitching for Montgomery Biscuits : LHP Jorge Estrada
|
Batting: RHB Kyle Nelson
|
0-0: Called Strike 0-1: Ball 1-1: Ball 2-1: Foul Ball, location: 2F 2-2: SINGLE (Groundball, 56D)
|
Batting: RHB Don Thomas
|
0-0: Ball 1-0: Ball 2-0: Called Strike 2-1: Foul Ball, location: 2F 2-2: Ball 3-2: Base on Balls Kyle Nelson to second
|
Batting: LHB Mario Cornelo
|
0-0: Foul Ball, location: 2F 0-1: Swinging Strike 0-2: Foul Ball, location: 2F 0-2: Ball 1-2: SINGLE (Groundball, 6MD) Kyle Nelson to third Don Thomas to second
|
Batting: RHB Jim Beck
|
0-0: GRAND SLAM HOME RUN (Flyball, 7D), Distance : 387 ft
|
Pitching: RHP Daniel Rousseau
|
|
Batting: RHB Cho-yun Qiao
|
0-0: Ball 1-0: Ball 2-0: Ball 3-0: Base on Balls
|
Batting: RHB Anthony Rucker
|
0-0: Called Strike Cho-yun Qiao steals 2nd base 0-1: Ball 1-1: Foul Ball, location: 2F 1-2: Ball 2-2: Strikes out swinging
|
Batting: RHB Bob Hall
|
0-0: Ball 1-0: Called Strike 1-1: Ball 2-1: 2-RUN HOME RUN (Line Drive, 78XD), Distance : 399 ft
|
Batting: RHB George Clark
|
0-0: SOLO HOME RUN (Line Drive, 8LXD), Distance : 429 ft
|
Batting: RHB Luis Sánchez
|
0-0: Swinging Strike 0-1: Foul Ball, location: 2F 0-2: Strikes out looking
|
Batting: RHB Kyle Nelson
|
0-0: Ball 1-0: Ball 2-0: Foul Ball, location: 2F 2-1: Ball 3-1: Foul Ball, location: 2F 3-2: Base on Balls
|
Batting: RHB Don Thomas
|
0-0: Ball 1-0: Ball 2-0: Called Strike 2-1: Foul Ball, location: 2F 2-2: Strikes out swinging
|
Top of the 4th over - 7 run(s), 5 hit(s), 0 error(s), 1 left on base; Wichita 10 - Montgomery 5 |
BOTTOM OF THE 4TH |
Montgomery Biscuits batting - Pitching for Wichita Wranglers : LHP Jesús Martínez
|
Batting: RHB Gabriel Miranda
|
0-0: Ground out 1-3 (Groundball, 13S)
|
Batting: RHB Orlando Sánchez
|
0-0: Foul Ball, location: 2F 0-1: Ball 1-1: Bunt for hit - play at first, batter safe!
|
Batting: LHB Ben Kelley
|
0-0: Fly out, F7 (Flyball, 78S)
|
Batting: RHB Jean-Paul St-Pierre
|
0-0: SINGLE (Groundball, 6MD) Orlando Sánchez to second Runner from 2nd tries for 3rd, SAFE, no throw or cutoff
|
Batting: RHB Dave Dawson
|
0-0: Foul Ball, location: 2F 0-1: Foul Ball, location: 2F 0-2: Ground out 2-3 (Groundball, 23)
|
Bottom of the 4th over - 0 run(s), 2 hit(s), 0 error(s), 2 left on base; Wichita 10 - Montgomery 5 |
TOP OF THE 5TH |
Wichita Wranglers batting - Pitching for Montgomery Biscuits : RHP Daniel Rousseau
|
Batting: LHB Mario Cornelo
|
0-0: Called Strike 0-1: Ball 1-1: Ball 2-1: Called Strike 2-2: Ball 3-2: Base on Balls
|
Batting: RHB Jim Beck
|
0-0: Called Strike 0-1: Called Strike 0-2: Ball 1-2: Strikes out swinging
|
Batting: RHB Cho-yun Qiao
|
0-0: Ball Mario Cornelo is caught stealing 2nd base 1-0: Ball 2-0: Fly out, F7 (Flyball, 78D)
|
Top of the 5th over - 0 run(s), 0 hit(s), 0 error(s), 0 left on base; Wichita 10 - Montgomery 5 |
BOTTOM OF THE 5TH |
Montgomery Biscuits batting - Pitching for Wichita Wranglers : LHP Jesús Martínez
|
Batting: RHB Vicente Carona
|
0-0: Called Strike 0-1: Ball 1-1: Ball 2-1: Ball 3-1: Fly out, F7 (Line Drive, 7M)
|
Batting: RHB Pete Smith
|
0-0: Fly out, F3 (Line Drive, 3L)
|
Batting: RHB Larry Mitchell
|
0-0: Foul Ball, location: 2F 0-1: Hit by Pitch
|
Batting: SHB Andrew Curran
|
0-0: SINGLE (Line Drive, 56D) Larry Mitchell to second
|
Batting: RHB Gabriel Miranda
|
0-0: Called Strike 0-1: Ball 1-1: Ball 2-1: Ball 3-1: Base on Balls Larry Mitchell to third Andrew Curran to second
|
Batting: RHB Orlando Sánchez
|
0-0: Called Strike 0-1: Called Strike 0-2: Foul Ball, location: 2F 0-2: SINGLE (Groundball, 34) Larry Mitchell scores Andrew Curran to third Gabriel Miranda to second Runner from 3rd tries for Home, SAFE, no throw or cutoff
|
Pitching: LHP Tommy Campbell
|
|
Batting: LHB Ben Kelley
|
0-0: Ball 1-0: Fly out, F3 (Line Drive, 34)
|
Bottom of the 5th over - 2 run(s), 2 hit(s), 0 error(s), 2 left on base; Wichita 10 - Montgomery 7 |
TOP OF THE 6TH |
Wichita Wranglers batting - Pitching for Montgomery Biscuits : RHP Daniel Rousseau
|
Pitching: RHP Ángel Ávila
|
|
Batting: RHB Anthony Rucker
|
0-0: Ball 1-0: Swinging Strike 1-1: Swinging Strike 1-2: Foul Ball, location: 2F 1-2: Strikes out looking
|
Batting: RHB Bob Hall
|
0-0: Foul Ball, location: 2F 0-1: Foul Ball, location: 2F 0-2: Ball 1-2: Foul Ball, location: 2F 1-2: Ball 2-2: Fly out, F4 (Popup, 34D)
|
Batting: RHB George Clark
|
0-0: Called Strike 0-1: Called Strike 0-2: Ball 1-2: Strikes out swinging
|
Top of the 6th over - 0 run(s), 0 hit(s), 0 error(s), 0 left on base; Wichita 10 - Montgomery 7 |
BOTTOM OF THE 6TH |
Montgomery Biscuits batting - Pitching for Wichita Wranglers : LHP Tommy Campbell
|
Batting: RHB Jean-Paul St-Pierre
|
0-0: Ball 1-0: Ball 2-0: Ground out 5-3 (Groundball, 5D)
|
Batting: RHB Dave Dawson
|
0-0: Called Strike 0-1: Called Strike 0-2: Strikes out swinging
|
Batting: RHB Vicente Carona
|
0-0: Ball 1-0: Foul Ball, location: 2F 1-1: Fly out, F4 (Popup, 4D)
|
Bottom of the 6th over - 0 run(s), 0 hit(s), 0 error(s), 0 left on base; Wichita 10 - Montgomery 7 |
TOP OF THE 7TH |
Wichita Wranglers batting - Pitching for Montgomery Biscuits : RHP Ángel Ávila
|
Batting: RHB Luis Sánchez
|
0-0: Ball 1-0: Foul Ball, location: 2F 1-1: Swinging Strike 1-2: Strikes out swinging
|
Batting: RHB Kyle Nelson
|
0-0: Swinging Strike 0-1: Called Strike 0-2: Foul Ball, location: 2F 0-2: Strikes out looking
|
Batting: RHB Don Thomas
|
0-0: Foul Ball, location: 2F 0-1: Ball 1-1: Ball 2-1: Called Strike 2-2: Foul Ball, location: 2F 2-2: Strikes out swinging
|
Top of the 7th over - 0 run(s), 0 hit(s), 0 error(s), 0 left on base; Wichita 10 - Montgomery 7 |
BOTTOM OF THE 7TH |
Montgomery Biscuits batting - Pitching for Wichita Wranglers : LHP Tommy Campbell
|
Batting: RHB Pete Smith
|
0-0: Ball 1-0: Ball 2-0: Ball 3-0: Foul Ball, location: 2F 3-1: Foul Ball, location: 2F 3-2: Ground out U3 (Groundball, 3S)
|
Batting: RHB Larry Mitchell
|
0-0: Ball 1-0: Foul Ball, location: 2F 1-1: Foul Ball, location: 2F 1-2: Ball 2-2: Foul Ball, location: 2F 2-2: Fly out, F6 (Popup, 5D)
|
Batting: SHB Andrew Curran
|
0-0: Ball 1-0: Foul Ball, location: 2F 1-1: Ball 2-1: Swinging Strike 2-2: Ball 3-2: Foul Ball, location: 2F 3-2: Foul Ball, location: 2F 3-2: Foul Ball, location: 2F 3-2: Base on Balls
|
Batting: RHB Gabriel Miranda
|
0-0: Ball 1-0: Ball 2-0: Called Strike 2-1: Ball 3-1: Fielders Choice at 2nd, 5-4 (Groundball, 56)
|
Bottom of the 7th over - 0 run(s), 0 hit(s), 0 error(s), 0 left on base; Wichita 10 - Montgomery 7 |
TOP OF THE 8TH |
Wichita Wranglers batting - Pitching for Montgomery Biscuits : RHP Ángel Ávila
|
Pitching: RHP Pedro Valdés
|
|
Batting: LHB Mario Cornelo
|
0-0: Called Strike 0-1: Ball 1-1: DOUBLE (Line Drive, 7LM)
|
Batting: RHB Jim Beck
|
0-0: Called Strike 0-1: Ball 1-1: Bunted foul 1-2: Ball 2-2: Foul Ball, location: 2F 2-2: Ground out 5-3 (Groundball, 56)
|
Batting: RHB Cho-yun Qiao
|
0-0: Called Strike 0-1: Swinging Strike 0-2: Strikes out swinging
|
Batting: RHB Anthony Rucker
|
0-0: Ball 1-0: Ball 2-0: Called Strike 2-1: Ball 3-1: Called Strike 3-2: Foul Ball, location: 2F 3-2: Base on Balls
|
Batting: RHB Bob Hall
|
0-0: Ball 1-0: Fielders Choice at 2nd, 6-4 (Groundball, 6)
|
Top of the 8th over - 0 run(s), 1 hit(s), 0 error(s), 1 left on base; Wichita 10 - Montgomery 7 |
BOTTOM OF THE 8TH |
Montgomery Biscuits batting - Pitching for Wichita Wranglers : LHP Tommy Campbell
|
Pitching: RHP Tom Long
|
|
Batting: RHB Orlando Sánchez
|
0-0: DOUBLE (Groundball, 5L)
|
Batting: LHB Ben Kelley
|
0-0: Called Strike 0-1: Foul Ball, location: 2F 0-2: Ground out 1-3 (Groundball, 15)
|
Batting: RHB Jean-Paul St-Pierre
|
0-0: Foul Ball, location: 2F 0-1: Swinging Strike 0-2: Ball 1-2: Ball 2-2: Strikes out swinging
|
Batting: RHB Dave Dawson
|
0-0: Ground out 5-3 (Groundball, 56)
|
Bottom of the 8th over - 0 run(s), 1 hit(s), 0 error(s), 1 left on base; Wichita 10 - Montgomery 7 |
TOP OF THE 9TH |
Wichita Wranglers batting - Pitching for Montgomery Biscuits : RHP Pedro Valdés
|
Pitching: RHP Domingo Ortíz
|
|
Batting: RHB George Clark
|
0-0: Foul Ball, location: 2F 0-1: Swinging Strike 0-2: Ball 1-2: Strikes out swinging
|
Batting: RHB Luis Sánchez
|
0-0: Swinging Strike 0-1: Ball 1-1: Called Strike 1-2: Fly out, F7 (Flyball, 7LM)
|
Batting: RHB Kyle Nelson
|
0-0: Ball 1-0: Called Strike 1-1: Fly out, F8 (Flyball, 8RM)
|
Top of the 9th over - 0 run(s), 0 hit(s), 0 error(s), 0 left on base; Wichita 10 - Montgomery 7 |
BOTTOM OF THE 9TH |
Montgomery Biscuits batting - Pitching for Wichita Wranglers : RHP Tom Long
|
Pitching: RHP Eric Hunt
|
|
Batting: RHB Vicente Carona
|
0-0: Foul Ball, location: 2F 0-1: Fly out, F5 (Line Drive, 56)
|
Batting: RHB Pete Smith
|
0-0: Ball 1-0: SINGLE (Groundball, 56D)
|
Batting: RHB Larry Mitchell
|
0-0: Called Strike 0-1: Swinging Strike 0-2: Grounds into double play, 5-4-3 (Groundball, 56)
|
Bottom of the 9th over - 0 run(s), 1 hit(s), 0 error(s), 0 left on base; Wichita 10 - Montgomery 7 |
|